Map: Lost Temple

Players

Nilfenheim - Winner!

  • Race: Protoss Protoss
  • League: Gold
  • Spawn Location: 12:00

A.I. 1 (Medium)

  • Race: Protoss Protoss
  • Spawn Location: 9:00

VOD

Have the link to the VOD?

Description

Time

  • Played on: June 10, 2019, 7:19 a.m.
  • Length: 8:46
Show
View Real Time Build Order
Export as new Build Order

Nilfenheim Protoss - Winner!

Build Orders: Zealot Archon 

Get SALT Encoding   

  12  0:02  Probe  
  13  0:14  Probe  
  14  0:19  Pylon  
  14  0:26  Probe  
  15  0:37  Gateway  
  15  0:40  Probe  
  16  0:45  Assimilator  
  16  1:07  Probe  
  17  1:15  Probe  
  17  1:25  Probe, Cybernetics Core  
  18  1:28  Gateway  
  18  1:30  Pylon  
  19  1:44  Assimilator  
  19  1:47  Probe  
  20  2:01  Warp Gate  
  20  2:03  Adept  
  22  2:09  Adept  
  22  2:10  Probe  
  25  2:22  Probe, Twilight Council  
  26  2:34  Probe  
  27  2:46  Nexus  
  27  2:49  Probe  
  28  2:58  Pylon  
  28  3:01  Probe  
  29  3:06  Adept  
  31  3:16  Probe, Adept  
  34  3:42  Probe  
  34  3:48  Templar Archives  
  35  3:52  Pylon  
  35  3:54  Probe  
  34  4:28  Stalker x2  
  38  4:36  Gateway  
  38  4:38  Gateway  
  38  4:40  Gateway  
  38  4:42  Gateway  
  32  4:54  Psionic Storm  
  32  4:55  Probe x2  
  34  5:03  Probe x2  
  34  5:04  Assimilator  
  34  5:09  Assimilator  
  34  5:12  Probe x2  
  36  5:14  Stalker  
  36  5:17  Stalker  
  42  5:23  Pylon  
  42  5:24  Probe x2  
  44  5:35  Blink  
  44  5:46  Robotics Facility  
  44  5:49  Pylon  
  44  5:54  Stalker x2  
  48  5:57  Stalker  
  48  5:59  Probe  
  48  6:01  Probe  
  52  6:08  Probe  
  52  6:10  Probe  
  52  6:16  Probe  
  54  6:20  Stalker x2  
  51  6:40  Stalker x4  
  59  6:53  Stalker x2  
  63  6:58  Immortal  
  61  7:37  High Templar x2  
  61  7:38  High Templar x2  
  69  7:49  Archon  
  69  7:50  Archon  
  69  8:36  Pylon  
  69  8:37  Pylon  
  69  8:39  Pylon  
  69  8:40  Pylon  
  69  8:42  Pylon  
  69  8:46  Pylon x2  
Show
View Real Time Build Order
Export as new Build Order

A.I. 1 (Medium) Protoss 

Build Orders:  

Get SALT Encoding   

  12  0:00  Probe  
  13  0:13  Probe  
  14  0:21  Pylon  
  14  0:25  Probe  
  15  0:35  Probe  
  16  0:43  Probe  
  16  0:48  Assimilator  
  17  0:50  Gateway  
  17  0:52  Probe  
  18  1:00  Pylon  
  18  1:30  Gateway  
  18  1:35  Assimilator  
  18  1:40  Zealot, Cybernetics Core  
  20  1:58  Zealot  
  22  2:17  Stalker  
  22  2:18  Pylon  
  22  2:19  Warp Gate  
  24  2:27  Stalker  
  26  2:34  Probe  
  27  2:46  Probe, Zealot  
  30  2:53  Pylon  
  30  2:57  Adept  
  32  2:58  Probe  
  33  3:11  Probe, Forge  
  34  3:23  Probe  
  35  3:35  Probe  
  36  4:09  Probe  
  36  4:36  Probe  
  29  4:48  Probe  
  30  4:54  Sentry  
  30  4:56  Pylon  
  30  4:58  Robotics Facility  
  32  5:00  Photon Cannon, Probe  
  33  5:08  Stalker  
  33  5:10  Probe  
  33  5:13  Photon Cannon  
  35  5:18  Probe  
  35  5:21  Stalker  
  35  5:26  Probe  
  38  5:35  Stalker  
  41  5:38  Probe  
  41  5:42  Stargate  
  42  5:48  Sentry, Observer  
  45  5:50  Probe  
  46  5:57  Pylon  
  46  6:02  Adept  
  46  6:03  Probe  
  49  6:10  Observer  
  50  6:13  Twilight Council  
  50  6:14  Probe  
  51  6:25  Gateway  
  51  6:35  Forge  
  51  6:38  Zealot  
  41  6:52  Zealot  
  43  7:05  Stalker  
  38  7:19  Stalker  
  31  7:35  Adept  
  27  7:42  Stalker  
  25  7:51  Pylon, Zealot  
  19  8:05  Stalker  
  10  8:16  Probe  
  7  8:21  Pylon  
  7  8:25  Probe  
Tags
 
Composition
Zealot Archon
League
Gold
Matchup
PvP
Spawn Locations
Close Positions
Add a new tag
Caveats
  • Supply blocks, unpowered buildings, or Contaminate may cause inaccurate times.
  • Supply counts are checked every 10 seconds.